 Dungeon Crawl Stone Soup version 0.17-a0-2231-gd80ca38 (webtiles) character file.

189 Raultor the Shield-Bearer (level 5, -8/33 HPs)
             Began as a Gargoyle Fighter on Oct 29, 2015.
             Splashed by an oklob sapling's acid (12 damage)
             ... on level 4 of the Dungeon.
             The game lasted 00:06:30 (2141 turns).

Raultor the Shield-Bearer (Gargoyle Fighter)        Turns: 2141, Time: 00:06:33

Health: -8/33      AC:  5    Str: 21    XL:     5   Next: 68%
Magic:  5/5        EV:  8    Int:  8    God:
Gold:   102        SH:  9    Dex:  9    Spells: 0 memorised, 4 levels left

rFire  . . .     SeeInvis .     a - +0 flail
rCold  . . .     Clarity  .     b - +0 scale mail
rNeg   + . .     SustAt   .     c - +0 shield
rPois  ∞         Gourm    .     (no helmet)
rElec  +         Spirit   .     B - +1 cloak
rCorr  .         Warding  .     (no gloves)
rMut   .         Stasis   .     (no boots)
MR     .....                    (no amulet)
Stlth  ..........               (no ring)
                                (no ring)

@: corroded equipment, not resistant to hostile enchantments, extremely
unstealthy
A: negative energy resistance 1, electricity resistance, unbreathing,
petrification resistance, rot immunity, AC +4
a: no special abilities


You were on level 4 of the Dungeon.
You were hungry.

You visited 1 branch of the dungeon, and saw 4 of its levels.

You collected 102 gold pieces.

Inventory:

Hand Weapons
 a - a +0 flail (weapon)
Missiles
 u - 2 javelins (quivered)
 z - 8 exploding tomahawks
Armour
 b - a +0 scale mail (worn)
 c - a +0 shield (worn)
 B - a +1 cloak (worn)
Jewellery
 o - an uncursed ring of ice {unknown}
Wands
 m - a wand of slowing (32)
Scrolls
 f - 4 scrolls of remove curse {unknown}
 j - 5 scrolls of identify {unknown}
 k - 4 scrolls of amnesia {unknown}
 l - a scroll of enchant armour {unknown}
 n - a scroll of immolation {unknown}
 q - 2 scrolls of recharging {unknown}
 r - a scroll of enchant weapon {unknown}
 y - a scroll of fear {unknown}
Potions
 d - 3 potions of might
 g - a potion of flight {unknown}
 h - a potion of experience {unknown}
 i - 2 potions of ambrosia {unknown}
 p - a potion of mutation {unknown}
 s - a potion of brilliance {unknown}
 t - 2 potions of poison {unknown}
 v - a potion of curing {unknown}
 w - a potion of agility {unknown}
 C - a potion of heal wounds {unknown}
Comestibles
 e - 2 bread rations
 x - 2 meat rations
 A - 2 chunks of flesh


   Skills:
 + Level 4.1 Fighting
 * Level 3.0 Maces & Flails
 + Level 3.9 Armour
 + Level 1.7 Dodging
 + Level 4.6 Shields


You had 4 spell levels left.
You didn't know any spells.

Dungeon Overview and Level Annotations

Branches:
Dungeon (4/15)             Temple (0/1) D:4

Altars:
Kikubaaqudgha
Vehumet

Annotations:
D:4 exclusion: oklob sapling


Innate Abilities, Weirdness & Mutations

You are resistant to torment.
Your stone body is resilient (AC +4).
You are immune to poison.
You resist negative energy.
You are resistant to electric shocks.
You can survive without breathing.
You are immune to petrification.
You are immune to rotting.


Message History

The adder bites the plant.
You hit the plant.
You destroy the plant!
The adder bites the plant but does no damage.
The adder bites the plant.
The adder bites the plant but does no damage.
The oklob sapling spits acid at you. The splash of acid hits you!
The acid corrodes you!
The acid burns!
Found a meat ration.
You hit the oklob sapling.
The oklob sapling is lightly damaged.
The adder bites the plant but does no damage. x2
You hit the oklob sapling.
The oklob sapling is moderately damaged.
The adder completely misses the plant.
The oklob sapling spits acid at you. The splash of acid hits you!
* * * LOW HITPOINT WARNING * * *
The acid corrodes you!
The acid burns!
You die...

...............#####.###
#..##.#..#####..........
#..##)#..## #.#####.###
#.........# #.#####.#
#.##..#.#.# #.......#
#.##..#.#.## #########
........#..#
....%P..P..#
####..P@PP.#


#PPPPP.P# #SP.>PPP# #.PP..P.# ....PPPP..# ....P..P.P.# ...####.#...# ... #...%##
You could see an oklob sapling and an adder.

Vanquished Creatures
  Ijyb (D:2)
  A giant frog skeleton (D:4)
  A worker ant (D:4)
  6 adders
  A worm (D:4)
  3 orcs
  10 bats
  2 giant cockroaches
  6 goblins
  4 hobgoblins
  10 kobolds
  A giant gecko (D:3)
  2 giant newts
  11 rats
  2 plants (D:4)
61 creatures vanquished.

Notes
Turn   | Place    | Note
--------------------------------------------------------------
     0 | D:1      | Raultor the Gargoyle Fighter began the quest for the Orb.
     0 | D:1      | Reached XP level 1. HP: 14/14 MP: 1/1
   111 | D:1      | Reached XP level 2. HP: 17/19 MP: 2/2
   448 | D:1      | Reached XP level 3. HP: 23/23 MP: 3/3
   661 | D:2      | Found a radiant altar of Vehumet.
   744 | D:2      | Reached skill level 4 in Shields
   744 | D:2      | Reached XP level 4. HP: 27/29 MP: 4/4
   995 | D:2      | Found an ancient bone altar of Kikubaaqudgha.
  1095 | D:2      | Noticed Ijyb
  1101 | D:2      | Killed Ijyb
  1110 | D:2      | Reached skill level 1 in Dodging
  1253 | D:3      | Reached XP level 5. HP: 29/33 MP: 5/5
  2099 | D:4      | Found a staircase to the Ecumenical Temple.
  2141 | D:4      | Splashed by an oklob sapling's acid

Vault maps used:
D:1:      tarquinn_simple_flora_water_c, due_unseen_surprise
D:2:      nicolae_overflow_hidden_temple, overflow_temple_1_default, uniq_iyjb
D:3:      lemuel_upstairs_altar
D:4:      minmay_temple_entry_oklob, first_bread,
          nicolae_dithmenos_through_a_glass_darkly

Action                   |  1- 3 |  4- 6 || total
-------------------------+-------+-------++-------
Melee: Flail             |    92 |   163 ||   255
Throw: Javelin           |       |     2 ||     2
  Eat: Chunk             |       |     4 ||     4
